 Dungeon Crawl Stone Soup version 0.29.0-4-gdea44cf6ec (webtiles) character file.

Game seed: 7423918550405921443

1254 qw the Cleaver (level 8, -3/62 HPs)
             Began as a Formicid Cinder Acolyte on Sept 3, 2022.
             Was a Believer of Ignis.
             Slain by Duvessa
             ... wielding a +0 short sword
              (6 damage)
             ... on level 6 of the Dungeon.
             The game lasted 00:02:44 (6515 turns).

qw the Cleaver (Formicid Cinder Acolyte)            Turns: 6515, Time: 00:02:44

Health: -3/62      AC: 16    Str: 20    XL:     8   Next: 80%
Magic:  9/9        EV:  7    Int: 15    God:    Ignis [**....]
Gold:   243        SH:  0    Dex:  9    Spells: 9/9 levels left

rFire   + . .      SeeInvis +   Y - +0 hand axe (flame)
rCold   . . .      Faith    .   (no shield)
rNeg    . . .      Spirit   .   n - +0 chain mail
rPois   .          Reflect  .   (helmet unavailable)
rElec   .          Harm     .   (no cloak)
rCorr   +          Rampage  .   (no gloves)
Will    .....                   (no boots)
Stlth   ..........              d - amulet of the acrobat
HPRegen 0.20/turn               b - ring of resist corrosion
MPRegen 0.11/turn               (no ring)

@: fiery-armoured
A: permanent stasis, dig shafts and tunnels, antennae 3, four strong arms
a: Dig, Shaft Self, Renounce Religion, Fiery Armour, Foxfire Swarm, Rising Flame


You were on level 6 of the Dungeon.
You worshipped Ignis.
Ignis was pleased with you.
You visited 1 branch of the dungeon, and saw 7 of its levels.

You collected 243 gold pieces.


Innate Abilities, Weirdness & Mutations

You cannot be hasted, slowed, berserked, paralysed or teleported.
You can dig through walls and to a lower floor.
You have a pair of large antennae on your head. (SInv)
Your four strong arms can wield two-handed weapons with a shield.


   Skills:
 - Level 5.2 Fighting
 + Level 8.5 Axes
 - Level 2.1 Throwing
 - Level 3.7 Armour
 - Level 1.0 Dodging
 - Level 1.1 Spellcasting
 - Level 3.0 Fire Magic


You had 9 spell levels left.
You didn't know any spells.
Your spell library contained the following spells:

 Spells                   Type           Power      Damage    Failure   Level
 Scorch                   Fire           18%        2d5       73%         2

Inventory:

Hand Weapons
 Y - a +0 hand axe of flaming (weapon)
Missiles
 h - 3 boomerangs (quivered)
Armour
 n - a +0 chain mail (worn)
Jewellery
 b - a ring of resist corrosion (left hand)
 d - an amulet of the acrobat (around neck)
Scrolls
 a - a scroll of teleportation
 e - a scroll of summoning {unknown}
 i - a scroll of identify
Potions
 c - a potion of flight {unknown}
 f - a potion of magic {unknown}
 j - a potion of curing
 m - 2 potions of mutation {unknown}

Dungeon Overview and Level Annotations

Branches:
Dungeon (7/15)
 Temple: D:4-7

Altars:
Makhleb

Annotations:
D:6 Duvessa


Message History

You hit Duvessa but do no damage.
Duvessa is moderately wounded.
Duvessa hits you with a +0 short sword.
You hit Duvessa but do no damage.
Duvessa is moderately wounded.
Duvessa hits you with a +0 short sword. x2
You hit Duvessa but do no damage.
Duvessa is moderately wounded.
Duvessa hits you with a +0 short sword!
6510 ||| INVOKING Fiery Armour.
A protective cloak of flame settles atop you.
Duvessa hits you with a +0 short sword!
Duvessa is burned by your cloak of flames.
Duvessa is moderately wounded.
You hit Duvessa. You burn Duvessa.
Duvessa is moderately wounded.
Duvessa hits you with a +0 short sword.
Duvessa is burned by your cloak of flames.
Duvessa is heavily wounded.
Duvessa hits you with a +0 short sword!
Duvessa is burned by your cloak of flames.
Duvessa is heavily wounded.
6512 ||| DRINKING potion of heal wounds.
You feel much better. Duvessa hits you but does no damage.
Duvessa is burned by your cloak of flames.
Duvessa is heavily wounded.
You hit Duvessa. You burn Duvessa.
Duvessa is severely wounded.
Duvessa hits you but does no damage.
Duvessa is burned by your cloak of flames.
Duvessa is severely wounded.
Duvessa hits you with a +0 short sword!
You hit Duvessa. You burn Duvessa.
Duvessa is severely wounded.
Duvessa hits you with a +0 short sword!
You barely miss Duvessa.
Duvessa is severely wounded.
Duvessa hits you with a +0 short sword.
You die...

{ ###. #########..#
#####... ##..........#
....>...####.###@#####.#
####".... .e.# #e......#
####.#.#.###.###.#####.#
.......#.e......######
.###.###....<).........
.###.......##..#######.
...............#
.########..##.##
.###.......##.#


You could see Duvessa (berserk).

Vanquished Creatures
  A water moccasin (D:7)
  2 sky beasts (D:7)
  An ice beast (D:7)
  An ogre (D:5)
  3 bullfrogs
  3 scorpions
  Dowan (D:6)
  A howler monkey (D:4)
  An orc priest (D:4)
  3 iguanas (D:4)
  An orc wizard (D:4)
  Robin (D:4)
  6 adders
  A white imp (D:7)
  An ufetubus (D:5)
  4 worms
  2 dart slugs
  9 orcs
  8 endoplasms
  2 giant cockroaches (D:1)
  20 goblins
  10 hobgoblins
  8 jackals
  6 quokkas
  7 ball pythons
  7 bats
  A frilled lizard (D:1)
  2 kobolds
  4 rats
117 creatures vanquished.

Vanquished Creatures (others)
  A bat (D:1)
1 creature vanquished.

Grand Total: 118 creatures vanquished

Notes
Turn   | Place    | Note
-------+----------+-------------------------------------------
     0 | D:1      | qw the Formicid Cinder Acolyte began the quest for the Orb.
     0 | D:1      | Reached XP level 1. HP: 18/18 MP: 2/2
     0 | D:1      | 0 ||| qw: Version: 0.1-a-102-g441f92d
     0 | D:1      | 0 ||| qw: Game counter: 5159
     0 | D:1      | 0 ||| qw: Always use a shield: true
     0 | D:1      | 0 ||| qw: God list: Okawaru
     0 | D:1      | 0 ||| qw: Allow faded altars: false
     0 | D:1      | 0 ||| qw: Do Orc after D:15 true
     0 | D:1      | 0 ||| qw: Do second Lair branch before Depths: true
     0 | D:1      | 0 ||| qw: Lair rune preference: random
     0 | D:1      | 0 ||| qw: Plans: Normal
     0 | D:1      | 0 ||| PLANNING D:1-11
   174 | D:1      | Reached XP level 2. HP: 22/24 MP: 3/3
   548 | D:1      | Found a faded altar of an unknown god.
   610 | D:1      | 610 ||| INVOKING Fiery Armour.
   949 | D:1      | Reached skill level 4 in Axes
   949 | D:1      | Reached XP level 3. HP: 21/29 MP: 4/4
  1446 | D:1      | 1446 ||| UPGRADING to +0 scale mail.
  1456 | D:1      | 1456 ||| DROPPING +0 robe.
  1457 | D:1      | 1457 ||| UPGRADING to amulet of the acrobat.
  1462 | D:1      | 1462 ||| READING 2 scrolls labelled GATIUSKUXTY.
  1463 | D:1      | 1463 ||| READING scroll labelled SYITZI TE URUZ.
  1464 | D:1      | 1464 ||| READING scroll labelled LIOROE GUZOY.
  1465 | D:1      | 1465 ||| DRINKING 2 white potions.
  1520 | D:2      | 1520 ||| Stepping ~*~*~tactically~*~*~ (stealth).
  1538 | D:2      | Reached skill level 1 in Armour
  1880 | D:2      | 1880 ||| Stepping ~*~*~tactically~*~*~ (stealth).
  2031 | D:2      | 2031 ||| Stepping ~*~*~tactically~*~*~ (stealth).
  2034 | D:2      | 2034 ||| Stepping ~*~*~tactically~*~*~ (stealth).
  2119 | D:2      | 2119 ||| Stepping ~*~*~tactically~*~*~ (hiding).
  2126 | D:2      | Reached XP level 4. HP: 34/35 MP: 5/5
  2684 | D:2      | 2684 ||| READING scroll labelled ISA QIUZOIRUGUIDD.
  2685 | D:2      | 2685 ||| READING scroll labelled UXOIPH JUOQ.
  2686 | D:2      | 2686 ||| READING scroll labelled FEPUVAKARI.
  2896 | D:3      | Found a burning altar of Makhleb.
  2933 | D:3      | Reached skill level 5 in Axes
  2938 | D:3      | Reached XP level 5. HP: 41/41 MP: 6/6
  3271 | D:3      | 3271 ||| UPGRADING to ring of resist corrosion.
  3272 | D:3      | 3272 ||| READING scroll labelled KALYUNOSHRU.
  3273 | D:3      | 3273 ||| Stepping randomly (stuck).
  3274 | D:3      | 3274 ||| Stepping ~*~*~tactically~*~*~ (cloud).
  3462 | D:4      | 3462 ||| Stepping ~*~*~tactically~*~*~ (hiding).
  3476 | D:4      | Reached skill level 1 in Dodging
  3501 | D:4      | 3501 ||| INVOKING Fiery Armour.
  3504 | D:4      | HP: 10/41 [poisoned by a scorpion]
  3788 | D:4      | Reached XP level 6. HP: 29/47 MP: 7/7
  4086 | D:4      | Noticed Robin
  4087 | D:4      | 4087 ||| Stepping ~*~*~tactically~*~*~ (stealth).
  4089 | D:4      | 4089 ||| Stepping ~*~*~tactically~*~*~ (stealth).
  4095 | D:4      | 4095 ||| INVOKING Fiery Armour.
  4102 | D:4      | Reached skill level 6 in Axes
  4108 | D:4      | 4108 ||| Stepping ~*~*~tactically~*~*~ (stealth).
  4109 | D:4      | 4109 ||| Stepping ~*~*~tactically~*~*~ (stealth).
  4115 | D:4      | Killed Robin
  4185 | D:4      | 4185 ||| Stepping ~*~*~tactically~*~*~ (hiding).
  4327 | D:4      | 4327 ||| INVOKING Fiery Armour.
  4392 | D:4      | 4392 ||| Stepping ~*~*~tactically~*~*~ (stealth).
  4482 | D:4      | 4482 ||| Stepping ~*~*~tactically~*~*~ (stealth).
  4505 | D:4      | 4505 ||| Stepping ~*~*~tactically~*~*~ (stealth).
  4515 | D:4      | 4515 ||| INVOKING Fiery Armour.
  4516 | D:4      | Reached XP level 7. HP: 26/54 MP: 8/8
  4525 | D:4      | 4525 ||| Stepping ~*~*~tactically~*~*~ (stealth).
  4838 | D:4      | 4838 ||| INVOKING Fiery Armour.
  5260 | D:4      | 5260 ||| UPGRADING to +0 chain mail.
  5270 | D:4      | 5270 ||| DROPPING +0 scale mail.
  5271 | D:4      | 5271 ||| READING scroll labelled DEOSIO ZIAXU.
  5272 | D:4      | 5272 ||| READING scroll labelled KOTIAPS BIEHA.
  5373 | D:4      | 5373 ||| READING scroll labelled LYNTAL SOZAI.
  5374 | D:4      | 5374 ||| DRINKING 2 emerald potions.
  5375 | D:4      | 5375 ||| READING 2 scrolls of identify.
  5375 | D:4      | 5375 ||| IDENTIFYING fuming dark potion
  5376 | D:4      | 5376 ||| DROPPING potion of invisibility.
  5389 | D:5      | Entered Level 5 of the Dungeon
  5452 | D:5      | 5452 ||| Stepping ~*~*~tactically~*~*~ (stealth).
  5464 | D:5      | 5464 ||| Stepping ~*~*~tactically~*~*~ (stealth).
  5660 | D:5      | 5660 ||| INVOKING Fiery Armour.
  5665 | D:5      | Reached skill level 7 in Axes
  5833 | D:5      | You fall into a shaft and drop 2 floors!
  5861 | D:7      | 5861 ||| Stepping ~*~*~tactically~*~*~ (stealth).
  5876 | D:7      | Reached XP level 8. HP: 52/60 MP: 9/9
  5945 | D:7      | Reached skill level 8 in Axes
  5950 | D:7      | Reached skill level 3 in Armour
  6098 | D:7      | 6098 ||| INVOKING Fiery Armour.
  6100 | D:7      | HP: 15/61 [poisoned by a water moccasin]
  6101 | D:7      | 6101 ||| DRINKING 2 potions of heal wounds.
  6288 | D:6      | 6288 ||| PLANNING OSSUARY
  6472 | D:6      | Noticed Dowan
  6472 | D:6      | Noticed Duvessa
  6473 | D:6      | 6473 ||| Stepping ~*~*~tactically~*~*~ (stealth).
  6475 | D:6      | 6475 ||| Stepping ~*~*~tactically~*~*~ (hiding).
  6484 | D:6      | Killed Dowan
  6490 | D:6      | 6490 ||| Stepping ~*~*~tactically~*~*~ (stealth).
  6491 | D:6      | 6491 ||| Stepping ~*~*~tactically~*~*~ (stealth).
  6494 | D:6      | 6494 ||| Stepping ~*~*~tactically~*~*~ (stealth).
  6495 | D:6      | 6495 ||| Stepping ~*~*~tactically~*~*~ (stealth).
  6499 | D:6      | 6499 ||| Stepping ~*~*~tactically~*~*~ (stealth).
  6500 | D:6      | 6500 ||| Stepping ~*~*~tactically~*~*~ (stealth).
  6502 | D:6      | 6502 ||| Stepping ~*~*~tactically~*~*~ (hiding).
  6510 | D:6      | 6510 ||| INVOKING Fiery Armour.
  6511 | D:6      | HP: 14/62 [Duvessa/+0 short sword (5)]
  6511 | D:6      | HP: 3/62 [Duvessa/+0 short sword (11)]
  6512 | D:6      | 6512 ||| DRINKING potion of heal wounds.
  6515 | D:6      | Slain by Duvessa

Levels and vault maps discovered:
D:1:      dpeg_arrival_snail, layout_loops_corners,
          chequers_ecumenical_altar_twisty, lemuel_old_faithful
D:2:      layout_loops_cross, st_stairs_4
D:3:      layout_loops_cross, mainiacjoe_overflow_alcove_1
D:4:      kennysheep_goblin_castle, layout_loops_ring, uniq_pikel
D:5:      layout_cave_pools, lexackson_kobold_supper
D:6:      layout_loops_ring, enter_ossuary_1, minmay_lizard_king, uniq_duvessa
D:7:      minmay_s_stair_smasher, layout_loops_ring, serial_shops,
          nicolae_shop_statue_plus, dreamdust_gnoll_shepherd

Skill      XL: |  1  2  3  4  5  6  7  8 |
---------------+-------------------------+-----
Axes           | 4 5 6 7 8 |  8.5
Armour         | 1 2 3 |  3.7
Dodging        | 1 |  1.0
Fighting       | 4 5 |  5.2
Throwing       | 2 |  2.1
Spellcasting   | |  1.1
Fire Magic     | |  3.0

Action                   |  1- 3 |  4- 6 |  7- 9 || total
-------------------------+-------+-------+-------++-------
Melee: Hand axe          |   116 |   160 |   121 ||   397
       Punch             |       |     2 |     2 ||     4
Throw: Boomerang         |       |    41 |    13 ||    54
Invok: Fiery Armour      |     1 |     4 |     4 ||     9
  Use: Scroll            |     3 |     4 |     4 ||    11
       Potion            |     1 |       |     3 ||     4
Armor: Robe              |    19 |       |       ||    19
       Scale mail        |    10 |    54 |     4 ||    68
       Chain mail        |       |       |    57 ||    57
Dodge: Dodged            |    59 |    68 |    48 ||   175

Table legend:
 A = Non-vault XP
 B = Vault XP
 C = Vault XP percentage of total XP
 D = Non-vault monster count
 E = Vault monster count
 F = Vault count percentage of total count
                 A         B        C        D         E       F
            +---------+---------+-------+---------+---------+-------
      Total |    1079 |     713 |  39.8 |      87 |      30 |  25.6
            +---------+---------+-------+---------+---------+-------
        D:1 |      34 |       0 |   0.0 |      22 |       0 |   0.0
        D:2 |      90 |       5 |   5.3 |      22 |       3 |  12.0
        D:3 |      17 |       0 |   0.0 |       8 |       0 |   0.0
        D:4 |     370 |      53 |  12.5 |      25 |      20 |  44.4
        D:5 |     245 |       0 |   0.0 |       6 |       0 |   0.0
        D:6 |      99 |      66 |  40.0 |       2 |       1 |  33.3
        D:7 |     224 |     589 |  72.4 |       2 |       6 |  75.0
            +---------+---------+-------+---------+---------+-------
